 Dungeon Crawl Stone Soup version 0.30-a0-622-gddc90eaa04 (webtiles) character file.

Game seed: 12203009755393336597

63913 tilp the Myrmidon (level 16, -8/139 HPs)
             Began as a Meteoran Fighter on Jan 10, 2023.
             Was an Elder of Okawaru.
             Drowned by a water nymph (11 damage)
             ... on level 3 of the Shoals.
             The game lasted 00:53:07 (8571 turns).

tilp the Myrmidon (Meteoran Fighter)                Turns: 8571, Time: 00:53:08

Health: -8/139     AC: 29    Str: 18    XL:     16   Next: 0%
Magic:  0/28       EV: 15    Int: 12    God:    Okawaru [****..]
Gold:   683        SH: 12    Dex: 26    Spells: 15/15 levels left

rFire   . . .      SeeInvis .    a - +1 long sword (heavy)
rCold   . . .      Faith    .    c - +0 kite shield
rNeg    . . .      Spirit   +    I - +4 chain mail
rPois   .          Reflect  .    p - +2 helmet
rElec   .          Harm     .    w - +2 cloak
rCorr   .          Rampage  .    (no gloves)
Will    ++...                    J - +2 pair of boots {Stlth+}
Stlth   +                        x - amulet of guardian spirit
HPRegen 0.43/turn                q - +4 ring of protection
MPRegen 0.21/turn                l - +6 ring of dexterity

@: engulfed (cannot breathe), glowing
A: sense surroundings 2, otherworldly, glowing, explore regen
a: Renounce Religion, Heroism, Finesse


You were on level 3 of the Shoals.
You worshipped Okawaru.
Okawaru was greatly pleased with you.
You visited 5 branches of the dungeon, and saw 21 of its levels.
You also visited: Bailey.

You collected 960 gold pieces.
You spent 277 gold pieces at shops.

Inventory:

Hand Weapons
 a - a +1 heavy long sword (weapon)
 b - a +2 rapier of venom
 S - a +2 great sword of protection
Missiles
 g - 15 poisoned darts (quivered)
 s - 5 javelins
 H - 24 boomerangs
 K - 2 throwing nets
 L - 7 curare-tipped darts
 R - 2 atropa-tipped darts
 T - a silver javelin
Armour
 c - a +0 kite shield (worn)
 p - a +2 helmet (worn)
 w - a +2 cloak (worn)
 G - a +0 plate armour
 I - a +4 chain mail (worn)
 J - a +2 pair of boots of stealth (worn)
Jewellery
 i - the ring of Impatience {rC+ Int+6}
   (You found it on level 8 of the Dungeon)

   [ring of intelligence]

   Int:       It affects your intelligence (+6).
   rC:        It protects you from cold.
 l - a +6 ring of dexterity (right hand)
 q - a +4 ring of protection (left hand)
 x - an amulet of guardian spirit (around neck)
 y - a ring of positive energy
 F - a ring of fire
 M - a +6 ring of strength
 N - a ring of magical power
Wands
 C - a wand of polymorph (12)
 D - a wand of flame (26)
 P - a wand of roots (8)
 V - a wand of mindburst (2)
Scrolls
 d - a scroll of teleportation
 h - a scroll of fear
 j - a scroll of blinking
 n - a scroll of magic mapping
 v - 2 scrolls of enchant weapon
 O - a scroll of poison
 Q - a scroll of silence
 W - 3 scrolls of vulnerability
 X - a scroll of brand weapon
 Y - 2 scrolls of identify
Potions
 e - 3 potions of brilliance
 f - 3 potions of berserk rage
 k - a potion of cancellation
 m - 3 potions of attraction
 o - 2 potions of magic
 r - a potion of might
 t - 7 potions of curing
 u - 3 potions of haste
 z - a potion of resistance
 B - 2 potions of mutation
 E - a potion of flight
 U - 2 potions of lignification
 Z - a potion of ambrosia


   Skills:
 + Level 11.6 Fighting
 + Level 13.6 Long Blades
 - Level 8.0 Throwing
 - Level 10.0 Armour
 + Level 13.6 Dodging
 - Level 4.0 Stealth
 - Level 6.0 Shields
 * Level 15.5 Invocations
 - Level 10.0 Evocations


You had 15 spell levels left.
You didn't know any spells.
Your spell library was empty.

Dungeon Overview and Level Annotations

Branches:
Dungeon (11/15) Zot: 1833  Temple (1/1) D:4 Zot: 531    Lair (5/5) D:11 Zot: 505
 Shoals (3/4) Lair:3 Zot: 526   Snake (1/4) Lair:3 Zot: 582   Slime (0/5) Lair:4
    Orc (0/2) D:10         Bailey (visited)

Altars:
Ashenzari
Dithmenos
Okawaru
Yredelemnul
Lugonu

Shops:
D:10 ?

Portals:
Abyss: Lair:5

Annotations:
D:11 3 runed translucent doors, Jifobihuu's ghost, journeyman FoFi
Lair:3 exclusion: oklob plant


Innate Abilities, Weirdness & Mutations

You passively map the area around you.
You are easily found by Zot.
You glow in the dark.
You regain HP and MP as you explore.


Message History

The water elemental hits you.
The water nymph flows with the water.
You cut the merfolk aquamancer into ribbons!!!
The merfolk aquamancer is severely wounded.
You block the merfolk aquamancer's attack.
The water elemental hits you.
The water elemental engulfs you in water!
You slice the merfolk aquamancer!!
The merfolk aquamancer is almost dead.
* * * LOW HITPOINT WARNING * * *
Your lungs strain for air!
The merfolk aquamancer points at you and mumbles some strange words.
The shard of ice hits you!!
* * * LOW HITPOINT WARNING * * *
You block the water elemental's attack.
Splash!
You fall into the shallow water.
Moving in this stuff is going to be slow.
Unknown command.
You cut the merfolk aquamancer into ribbons!!!
You kill the merfolk aquamancer!
Okawaru accepts your kill. Okawaru grants you throwing weapons!
Something appears at your feet!
You hear a splash.
* * * LOW HITPOINT WARNING * * *
Your lungs strain for air!
You block the water elemental's attack.
The water nymph points at you and mumbles some strange words.
The water swirls and strikes you.
* * * LOW HITPOINT WARNING * * *
You have reached level 16!
Unknown command.
You cannot read scrolls while unable to breathe!
Unknown command.
You slip free of the water engulfing you.
* * * LOW HITPOINT WARNING * * *
Your lungs strain for air!
The water elemental barely misses you. You block the water elemental's attack.
The water nymph touches you. The water nymph drowns you!
You die...

~~~~~~.........# #........[~~
~~~~~..##?.....#######.##....##..
~~PP~~....~..####...#..##....####
~~~~~~~./.~).# #....####...## #
P~~~~~~~.....#######..##....# #
P~~~P~~~...~..~~# *##.###...# #
~~~~~.~~.......~# *,.....#### #
~≈≈≈≈P~......~..###..~..[* ####
≈≈≈≈≈≈~~....≈≈~.@m~~~≈~..#* ##...
≈≈≈≈≈≈≈≈~.~~≈≈≈.E~~~~~~...###....
≈≈≈≈≈≈≈≈~~~..~~..~~~~~~.......~~~
≈≈≈≈≈≈≈≈≈≈≈~...~..~~~~~..~~~.~~~~
≈≈≈≈≈≈≈≈~~~~~~.~...~....~~~~~~~~~
≈≈≈≈~~~~~..~~~~~.........~~...~~~
≈~~~~~~~~~.~~........~~~<......~~
P~~~~.~.~~~~~.....#...~.....###.~
~~~~.)..~~~~~~..,,,,>~...###* #..


You could see a water elemental and a water nymph.

Vanquished Creatures
  A merfolk impaler (Shoals:3)
  A hydra (Lair:5)
  A two-headed ogre (D:9)
  A merfolk aquamancer (Shoals:3)
  A catoblepas (Lair:3)
  10 death yaks
  2 satyrs
  3 thrashing horrors (Lair:5)
  4 sea snakes
  5 harpies (Shoals:1)
  3 ugly things
  3 cyclopes
  A large abomination (Lair:5)
  7 fauns
  6 manticores
  A naga mage (Lair:3)
  7 elephants
  A guardian serpent (Lair:3)
  An apocalypse crab (Shoals:3)
  7 black mambas
  5 merfolk sirens
  A gargoyle (D:11)
  8 cane toads
  An unseen horror (shapeshifter) (Lair:5)
  3 rime drakes
  4 komodo dragons
  2 ancient zymes (Lair:5)
  3 trolls (D:11)
  3 polar bears
  Prince Ribbit (Lair:3)
  11 merfolk
  3 wind drakes
  7 dream sheep (Shoals:3)
  19 blink frogs
  4 snapping turtles
  4 water elementals (Shoals:3)
  4 wyverns
  11 small abominations (Lair:5)
  4 ynoxinuls (Lair:5)
  A shadow (D:11)
  A vampire (D:9)
  A wraith (D:11)
  38 yaks
  2 spriggans (Lair:5)
  4 basilisks
  Grum (D:11)
  2 chaos spawn (Lair:5)
  2 vampire mosquitoes (D:11)
  3 acid dragons
  12 water moccasins
  2 sky beasts
  An ice beast (D:6)
  12 orc warriors
  A centaur (D:8)
  7 wolves (D:11)
  6 ogres
  A phantom (D:5)
  A kobold brigand (D:9)
  9 bullfrogs
  5 killer bees (D:10)
  4 howler monkeys
  7 orc priests
  5 hounds
  A jelly (D:5)
  7 orc wizards
  Robin (D:3)
  8 adders
  A gnoll (Bailey)
  2 shadow imps
  2 dart slugs
  28 orcs
  3 endoplasms
  A giant cockroach (D:1)
  10 hobgoblins
  2 jackals (D:3)
  19 kobolds
  3 quokkas
  5 ball pythons
  2 bats
  2 frilled lizards
  14 goblins
  3 rats
406 creatures vanquished.

Vanquished Creatures (others)
  A manticore (Shoals:1)
  A merfolk (Shoals:3)
  12 fungi
  70 plants
84 creatures vanquished.

Grand Total: 490 creatures vanquished

Notes
Turn   | Place    | Note
-------+----------+-------------------------------------------
     0 | D:1      | tilp the Meteoran Fighter began the quest for the Orb.
     0 | D:1      | Reached XP level 1. HP: 19/19 MP: 2/2
   207 | D:1      | Reached XP level 2. HP: 22/26 MP: 3/3
   208 | D:1      | Reached skill level 1 in Dodging
   491 | D:2      | Reached XP level 3. HP: 30/31 MP: 4/4
   557 | D:2      | Reached XP level 4. HP: 27/38 MP: 5/5
   666 | D:3      | Noticed Robin
   697 | D:3      | Killed Robin
   752 | D:3      | Found a faded altar of an unknown god.
   816 | D:3      | Reached XP level 5. HP: 45/46 MP: 6/6
   969 | D:4      | Found a staircase to the Ecumenical Temple.
   990 | Temple   | Entered the Ecumenical Temple
  1051 | Temple   | Became a worshipper of Warmaster Okawaru
  1076 | D:5      | Entered Level 5 of the Dungeon
  1084 | D:4      | Reached skill level 1 in Stealth
  1128 | D:4      | Noticed an ogre
  1136 | D:4      | Killed an ogre
  1137 | D:4      | Reached XP level 6. HP: 27/52 MP: 7/7
  1273 | D:5      | Noticed an ogre
  1278 | D:5      | Killed an ogre
  1278 | D:5      | Reached * piety under Okawaru
  1330 | D:6      | Noticed an ice beast
  1336 | D:6      | Killed an ice beast
  1337 | D:6      | Reached skill level 1 in Invocations
  1337 | D:6      | Reached XP level 7. HP: 41/59 MP: 7/9
  1361 | D:6      | Reached skill level 1 in Throwing
  1361 | D:6      | Reached skill level 2 in Invocations
  1498 | D:6      | Reached ** piety under Okawaru
  1499 | D:6      | Reached XP level 8. HP: 65/66 MP: 10/10
  1692 | D:7      | Reached skill level 3 in Invocations
  1700 | D:7      | Reached skill level 5 in Long Blades
  1700 | D:7      | Reached skill level 5 in Dodging
  2083 | D:7      | Reached skill level 4 in Invocations
  2094 | D:7      | Reached skill level 1 in Evocations
  2094 | D:7      | Gained mutation: You passively map the area around you.
                  | [Meteoran growth]
  2094 | D:7      | Reached XP level 9. HP: 71/72 MP: 11/13
  2118 | D:7      | Reached skill level 5 in Armour
  2450 | D:8      | Reached *** piety under Okawaru
  2479 | D:8      | Reached skill level 5 in Fighting
  2554 | D:8      | Reached skill level 5 in Invocations
  2693 | D:8      | Identified the ring of Impatience {rC+ Int+6}
  2875 | D:10     | Entered Level 10 of the Dungeon
  3040 | D:10     | Found a staircase to the Orcish Mines.
  3104 | D:10     | Found a flagged portal.
  3131 | Bailey   | Entered a bailey
  3136 | Bailey   | Noticed an orc warlord
  3262 | Bailey   | Reached XP level 10. HP: 71/81 MP: 13/15
  3278 | Bailey   | Found a runed translucent gate.
  3280 | Bailey   | Found a runed translucent gate.
  3281 | Bailey   | Found a runed translucent gate.
  3488 | D:9      | Reached skill level 6 in Invocations
  3525 | D:9      | Reached skill level 9 in Invocations
  3525 | D:9      | Reached XP level 11. HP: 57/91 MP: 15/19
  3640 | D:9      | Noticed a two-headed ogre
  3659 | D:9      | Killed a two-headed ogre
  3659 | D:9      | Reached **** piety under Okawaru
  3808 | D:10     | Reached skill level 10 in Long Blades
  3860 | D:10     | Reached skill level 10 in Dodging
  3937 | D:10     | Found Fioriups's Magic Scroll Boutique.
  3945 | D:10     | Bought a scroll of teleportation for 45 gold pieces
  3945 | D:10     | Bought a scroll of enchant armour for 112 gold pieces
  3945 | D:10     | Bought a scroll of identify for 30 gold pieces
  3945 | D:10     | Bought a scroll of identify for 30 gold pieces
  3945 | D:10     | Bought a scroll of identify for 30 gold pieces
  3945 | D:10     | Bought a scroll of identify for 30 gold pieces
  4251 | D:11     | Reached skill level 10 in Invocations
  4289 | D:11     | Reached skill level 5 in Throwing
  4309 | D:11     | Noticed a death yak
  4309 | D:11     | Noticed a death yak
  4309 | D:11     | Noticed a death yak
  4309 | D:11     | Noticed a death yak
  4325 | D:11     | Noticed a death yak
  4327 | D:11     | Killed a death yak
  4328 | D:11     | Noticed a death yak
  4328 | D:11     | Noticed a death yak
  4337 | D:11     | Killed a death yak
  4348 | D:11     | Killed a death yak
  4348 | D:11     | Received a gift from Okawaru
  4348 | D:11     | Reached ***** piety under Okawaru
  4349 | D:11     | Reached XP level 12. HP: 36/101 MP: 7/20
  4358 | D:11     | Killed a death yak
  4403 | D:11     | Noticed Grum
  4423 | D:11     | Killed Grum
  4631 | D:11     | Noticed a minotaur
  4663 | D:11     | Found a runed translucent gate.
  4663 | D:11     | Found a runed translucent gate.
  4663 | D:11     | Found a runed translucent gate.
  4663 | D:11     | Noticed Jifobihuu's ghost (journeyman FoFi)
  4727 | D:11     | Killed a death yak
  4727 | D:11     | Received a gift from Okawaru
  4731 | D:11     | Killed a death yak
  4779 | D:11     | Found a staircase to the Lair.
  4884 | Lair:1   | Entered Level 1 of the Lair of Beasts
  5017 | Lair:2   | Reached skill level 11 in Invocations
  5052 | Lair:3   | Noticed Prince Ribbit
  5066 | Lair:3   | Killed Prince Ribbit
  5069 | Lair:3   | Reached XP level 13. HP: 24/111 MP: 20/22
  5387 | Lair:3   | Received a gift from Okawaru
  5453 | Lair:3   | Found a staircase to the Snake Pit.
  5577 | Lair:3   | Reached skill level 12 in Invocations
  5591 | Lair:3   | Reached skill level 10 in Fighting
  5814 | Lair:3   | Noticed a catoblepas
  5826 | Lair:3   | Killed a catoblepas
  5872 | Arena    | Entered the Arena
  5941 | Lair:5   | Entered Level 5 of the Lair of Beasts
  6045 | Lair:5   | Received a gift from Okawaru
  6046 | Lair:5   | Reached XP level 14. HP: 121/121 MP: 24/24
  6157 | Lair:5   | Received a gift from Okawaru
  6282 | Lair:5   | Received a gift from Okawaru
  6307 | Lair:5   | Reached skill level 5 in Shields
  6337 | Lair:5   | Reached skill level 13 in Invocations
  6448 | Lair:5   | Received a gift from Okawaru
  6579 | Arena    | Entered the Arena
  6814 | Lair:5   | Found a corrupted altar of Lugonu.
  6814 | Lair:5   | Found a one-way gate to the infinite horrors of the Abyss.
  7030 | Lair:5   | Reached XP level 15. HP: 97/128 MP: 23/26
  7274 | Lair:3   | Found a staircase to the Shoals.
  7326 | Snake:1  | Entered Level 1 of the Snake Pit
  7391 | Shoals:1 | Entered Level 1 of the Shoals
  7402 | Shoals:1 | Reached skill level 14 in Invocations
  7618 | Shoals:1 | Received a gift from Okawaru
  7734 | Arena    | Entered the Arena
  7884 | Shoals:2 | Received a gift from Okawaru
  7987 | Shoals:3 | Reached skill level 10 in Evocations
  8054 | Shoals:3 | Reached skill level 10 in Armour
  8147 | Shoals:3 | Received a gift from Okawaru
  8186 | Shoals:3 | Reached skill level 15 in Invocations
  8570 | Shoals:3 | Received a gift from Okawaru
  8571 | Shoals:3 | Reached XP level 16. HP: 12/139 MP: 2/28
  8571 | Shoals:3 | HP: 3/139 [drowned by a water elemental[a merfolk
                  | aquamancer] (9)]
  8571 | Shoals:3 | Drowned by a water nymph

Illustrated notes

Levels and vault maps discovered:
D:1:      nicolae_arrival_washed_ashore, layout_loops_ring
D:2:      layout_loops_ring
D:3:      layout_basic, chequers_ecumenical_altar_simple, uniq_sigmund,
          uniq_robin
D:4:      layout_rooms, minitemple, minmay_temple_entry_stoned_glass
D:5:      layout_cave_pods, st_stairs_11
D:6:      layout_cave_pods, chequers_hall_statues_wall_a
D:7:      layout_basic, uniq_duvessa
D:8:      layout_basic, abandoned_shop, minmay_parallelograms
D:9:      layout_basic, serial_rivers, chequers_serial_rivers_large_a,
          chequers_serial_rivers_room_a, chequers_serial_rivers_large_b,
          chequers_serial_rivers_marsh
D:10:     layout_layer_cave, david_orc_3, enter_bailey_3, serial_shops, shop,
          kennysheep_generic_room_4
D:11:     layout_basic, dpeg_lair_monsters, maelrawn_ghost_gauntlet_escape,
          uniq_grum
Temple:   nicolae_temple_elliptical
Lair:1:   layout_layer_cave, hangedman_lair_unloving_vines,
          nicolae_lair_lindhole, infiniplex_staircase_pool, uniq_nergalle
Lair:2:   layout_long_grid
Lair:3:   layout_cave_pods, elwin_shoals_entry_rooms,
          minmay_snake_entry_six_corridors, gammafunk_ghost_hydra_chop,
          serial_bayou_shore_a, grunt_megastairs_1, uniq_prince_ribbit2
Lair:4:   wad_woods_tower, layout_big_grid, slime_entry_1, grunt_megastairs_3,
          uniq_josephine
Lair:5:   hellmonk_lair_end_abyssal_woods, layout_cave_pods, minivault_26
Shoals:1: layout_shoals, nicolae_shoals_seven_spires
Shoals:2: layout_shoals, serial_shops, shop, st_shoals_ruin
Shoals:3: layout_shoals, nicolae_shoals_abyss_on_the_beach
Snake:1:  layout_rooms, nicolae_snake_horde_hoard

Skill      XL: |  1  2  3  4  5  6  7  8  9 10 11 12 13 14 15 |
---------------+----------------------------------------------+-----
Dodging        | 1 2 3 4 5 6 9 10 11 12 13 | 13.6
Shields        | 4 6 |  6.0
Long Blades    | 3 4 5 6 9 10 12 13 | 13.6
Armour         | 4 5 6 7 8 9 10 | 10.0
Stealth        | 1 2 3 4 |  4.0
Fighting       | 4 5 6 8 9 10 11 | 11.6
Invocations    | 1 2 4 5 9 10 11 12 13 15 | 15.5
Throwing       | 1 2 3 6 7 8 |  8.0
Evocations     | 1 3 6 7 8 9 10 | 10.0

Action                   |  1- 3 |  4- 6 |  7- 9 | 10-12 | 13-15 | 16-18 || total
-------------------------+-------+-------+-------+-------+-------+-------++-------
Melee: Long sword        |    62 |    97 |   242 |   375 |   980 |       ||  1756
       Rapier            |       |       |       |       |    14 |       ||    14
Throw: Dart              |       |     2 |     3 |    13 |    12 |       ||    30
       Boomerang         |       |       |       |     1 |    26 |       ||    27
       Javelin           |       |       |       |       |     2 |       ||     2
Invok: Heroism           |       |       |     3 |    13 |    24 |       ||    40
       Finesse           |       |       |       |     3 |     1 |       ||     4
       Duel              |       |       |       |       |     3 |       ||     3
Evoke: Wand              |       |       |       |       |    12 |       ||    12
  Use: Scroll            |       |     5 |    10 |    12 |    13 |       ||    40
       Potion            |       |     1 |       |     2 |    11 |       ||    14
Armor: Scale mail        |    33 |    24 |       |       |       |       ||    57
       Chain mail        |       |    45 |   233 |   241 |   829 |     1 ||  1349
Dodge: Dodged            |    26 |    33 |   132 |   218 |   902 |     1 ||  1312
Block: Buckler           |    20 |    37 |    86 |   147 |   401 |       ||   691
       Kite shield       |       |       |       |       |    93 |     1 ||    94

Table legend: (Time is in decaauts)
 A = Elapsed time spent in this place.
 B = Non-inter-level travel time spent in this place.
 C = Inter-level travel time spent in this place.
 D = Time resting spent in this place.
 E = Time spent auto-exploring this place.
 F = Levels seen in this place.
 G = Mean time per level.
                   A        B        C        D        E       F      G
               +--------+--------+--------+--------+--------+-----+--------+
         Total |   9082 |   8045 |   1037 |     78 |      0 |  25 |  363.3 |
       Dungeon |   4766 |   4283 |    483 |      5 |      0 |  11 |  433.3 |
        Temple |     68 |     61 |      7 |     40 |      0 |   1 |   68.0 |
          Lair |   2494 |   2101 |    393 |      0 |      0 |   5 |  498.8 |
        Shoals |   1271 |   1118 |    153 |      5 |      0 |   3 |  423.7 |
     Snake Pit |     17 |     17 |      0 |      0 |      0 |   1 |   17.0 |
        Bailey |    360 |    360 |      0 |      0 |      0 |   1 |  360.0 |
         Arena |    103 |    103 |      0 |     27 |      0 |   3 |   34.3 |
               +--------+--------+--------+--------+--------+-----+--------+

Top non-repeatable levels by time:
  Lair:5: 1138 daAuts
  Lair:3: 842 daAuts
    D:10: 707 daAuts
    D:11: 675 daAuts
Shoals:3: 655 daAuts
     D:8: 637 daAuts
     D:9: 504 daAuts
     D:5: 423 daAuts
     D:6: 412 daAuts
     D:1: 382 daAuts
  Bailey: 360 daAuts
  Lair:2: 357 daAuts
Shoals:1: 317 daAuts
Shoals:2: 298 daAuts
     D:3: 297 daAuts
